[ AOE2 MATCH · #477205294 ]
UnrankedKoreans vs Khmer
[ REPLAY ANALYSIS · EXTRACTED FROM THE RECORDED GAME ]
Feudal
11:49
Castle
18:36
Imperial
—
| APM avg | 11.0 |
| APM peak | 29 |
| eAPM avg | 7.4 |
| Villagers / military | 47 / 15 |
Focus
⚔️ 19.2% · 🌾 80.8%
Iron Pagoda ×6 · Fire Lancer ×4 · Battering Ram ×3 · War Wagon ×2 · Unknown (1105) ×1
Feudal
13:04
Castle
21:26
Imperial
34:45
| APM avg | 18.7 |
| APM peak | 42 |
| eAPM avg | 12.2 |
| Villagers / military | 131 / 109 |
Focus
⚔️ 29.4% · 🌾 70.6%
Scorpion ×98 · Mangonel ×7 · Trebuchet (Packed) ×4
Feudal
14:51
Castle
21:56
Imperial
49:52
| APM avg | 30.9 |
| APM peak | 69 |
| eAPM avg | 20.6 |
| Villagers / military | 130 / 30 |
Focus
⚔️ 25.4% · 🌾 74.6%
Ballista Elephant ×21 · Spearman ×9 · Trade Cart ×2
Feudal
9:38
Castle
18:30
Imperial
32:47
| APM avg | 16.3 |
| APM peak | 35 |
| eAPM avg | 10.7 |
| Villagers / military | 73 / 127 |
Focus
⚔️ 28.6% · 🌾 71.4%
Hand Cannoneer ×70 · Knight ×54 · Monk ×3
Feudal
15:41
Castle
22:08
Imperial
36:44
| APM avg | 17.5 |
| APM peak | 55 |
| eAPM avg | 12.0 |
| Villagers / military | 149 / 83 |
Focus
⚔️ 34.8% · 🌾 65.2%
Knight ×80 · Mangonel ×3
Feudal
14:22
Castle
24:59
Imperial
—
| APM avg | 15.8 |
| APM peak | 45 |
| eAPM avg | 11.2 |
| Villagers / military | 79 / 251 |
Focus
⚔️ 57.3% · 🌾 42.7%
Spearman ×251 · Trade Cart ×7
Feudal
12:06
Castle
15:53
Imperial
32:18
| APM avg | 32.0 |
| APM peak | 62 |
| eAPM avg | 22.1 |
| Villagers / military | 181 / 288 |
Focus
⚔️ 35.9% · 🌾 64.1%
Spearman ×120 · Skirmisher ×62 · Militia ×45 · Huskarl ×35 · Bombard Cannon ×18 · Monk ×7
Feudal
15:12
Castle
19:07
Imperial
24:39
| APM avg | 24.9 |
| APM peak | 64 |
| eAPM avg | 14.1 |
| Villagers / military | 156 / 62 |
Focus
⚔️ 26.0% · 🌾 74.0%
Scout Cavalry ×26 · Bombard Cannon ×13 · Hand Cannoneer ×12 · Janissary ×10 · Trade Cart ×2 · Monk ×1
Match map
Initial resources + every placement click. Lines = walls · curves = elevation contours. ◆ gold · ⬟ stone · ● berries · ✦ relic · ◌ wall gap
Your base· ✓ Closed at 18:36 · 15t walls · 1 gate(s)
SNES's base· Open — opponent sealed themselves in
Oni.Huevotes's base· ✓ Closed at 21:56 · 11t walls · no gate
leocancer8767's base· Open — opponent sealed themselves in
Oni.JasperJordan's base· ✓ Closed at 22:08 · 26t walls · 6 gate(s)
Perez Huaman's base· Open — opponent sealed themselves in
Oni.Lauty's base· ✓ Closed at 15:53 · 0t walls · no gate
anjoff's base· ✓ Closed at 19:07 · 16t walls · no gate
Smoothed initial terrain · ◌ = detected wall gap · hover for details
Inputs per minute
— Baku74 - - SNES
Build order — Baku74
148 actions detected in the replay
| 0:08 | Build | House |
| 0:12 | Build | House |
| 0:14 | Create | Villager (Male) |
| 0:14 | Create | Villager (Male) |
| 0:14 | Create | Villager (Male) |
| 0:15 | Create | Villager (Male) |
| 0:15 | Create | Villager (Male) |
| 1:49 | Create | Villager (Male) |
| 2:04 | Build | Palisade Wall |
| 2:25 | Create | Villager (Male) |
| 2:37 | Build | Lumber Camp |
| 2:47 | Create | Villager (Male) |
| 3:24 | Create | Villager (Male) |
| 3:37 | Create | Villager (Male) |
| 4:13 | Create | Villager (Male) |
| 4:28 | Build | House |
| 4:33 | Build | House |
| 4:42 | Build | Palisade Wall |
| 4:55 | Create | Villager (Male) |
| 5:18 | Create | Villager (Male) |
| 5:33 | Build | Mill |
| 5:46 | Create | Villager (Male) |
| 6:44 | Create | Villager (Male) |
| 6:45 | Create | Villager (Male) |
| 6:51 | Create | Villager (Male) |
| 7:36 | Create | Villager (Male) |
| 8:17 | Create | Villager (Male) |
| 8:43 | Create | Villager (Male) |
| 9:00 | Create | Villager (Male) |
| 9:24 | Build | Mining Camp |
| 9:37 | Research | Feudal Age |
| 10:00 | Build | House |
| 10:33 | Build | Farm |
| 10:48 | Build | Palisade Wall |
| 10:56 | Build | Palisade Gate |
| 11:00 | Build | House |
| 11:17 | Build | Farm |
| 11:17 | Build | Farm |
| 11:17 | Build | Farm |
| 11:18 | Build | Farm |
| 11:18 | Build | Farm |
| 11:22 | Build | Farm |
| 11:37 | Build | Farm |
| 11:39 | Create | Villager (Male) |
| 11:40 | Create | Villager (Male) |
| 11:40 | Create | Villager (Male) |
| 11:49 | Age | Feudal Age |
| 12:03 | Build | Watch Tower |
| 12:43 | Research | Loom |
| 13:42 | Build | House |
| 13:58 | Build | Market |
| 14:02 | Build | Blacksmith |
| 14:08 | Create | Villager (Male) |
| 14:35 | Create | Villager (Male) |
| 15:04 | Create | Villager (Male) |
| 15:56 | Research | Castle Age |
| 16:03 | Build | Mining Camp |
| 16:29 | Research | Horse Collar |
| 16:33 | Research | Double-Bit Axe |
| 16:34 | Research | Gold Mining |
| 17:40 | Create | Villager (Male) |
| 18:22 | Research | Stone Mining |
| 18:31 | Create | Villager (Male) |
| 18:36 | Age | Castle Age |
| 19:19 | Build | Town Center |
| 19:57 | Create | Villager (Male) |
| 20:39 | Build | Watch Tower |
| 21:02 | Create | Villager (Male) |
| 21:03 | Create | Villager (Male) |
| 21:10 | Build | Town Center |
| 22:07 | Create | Villager (Male) |
| 22:07 | Create | Villager (Male) |
| 22:23 | Create | Villager (Male) |
| 22:47 | Build | Barracks |
| 22:54 | Build | Mining Camp |
| 23:07 | Research | Wheelbarrow |
| 23:09 | Research | Town Watch |
| 23:12 | Create | Villager (Male) |
| 23:37 | Research | Fletching |
| 23:49 | Build | Farm |
| 23:53 | Create | Villager (Male) |
| 23:54 | Create | Villager (Male) |
| 23:54 | Create | Villager (Male) |
| 23:57 | Create | Villager (Male) |
| 24:12 | Create | Fire Lancer |
| 24:31 | Build | Siege Workshop |
| 24:47 | Create | Fire Lancer |
| 25:28 | Create | Unit 1105 |
| 25:40 | Create | Fire Lancer |
| 25:59 | Create | Battering Ram |
| 26:07 | Create | Fire Lancer |
| 26:10 | Research | Forging |
| 26:11 | Research | Scale Mail Armor |
| 26:19 | Create | Villager (Male) |
| 26:19 | Create | Villager (Male) |
| 26:20 | Create | Villager (Male) |
| 26:24 | Build | Farm |
| 26:24 | Build | Farm |
| 26:25 | Build | Farm |
| 26:25 | Build | Farm |
| 26:34 | Build | House |
| 26:35 | Build | House |
| 29:33 | Build | Palisade Wall |
| 29:43 | Create | Iron Pagoda |
| 30:17 | Build | Archery Range |
| 31:52 | Build | Archery Range |
| 32:23 | Build | Town Center |
| 32:53 | Build | Mining Camp |
| 34:32 | Build | Castle |
| 34:40 | Build | House |
| 36:36 | Build | Town Center |
| 37:10 | Create | War Wagon |
| 38:02 | Build | Market |
| 38:10 | Build | Mining Camp |
| 38:57 | Build | Lumber Camp |
| 40:07 | Build | Town Center |
| 40:42 | Build | Siege Workshop |
| 40:52 | Build | Siege Workshop |
| 41:01 | Research | Gold Shaft Mining |
| 41:11 | Research | Bow Saw |
| 41:33 | Create | Iron Pagoda |
| 41:56 | Build | House |
| 41:58 | Build | House |
| 42:07 | Create | Battering Ram |
| 42:08 | Create | Battering Ram |
| 42:18 | Build | Farm |
| 42:23 | Build | Farm |
| 42:27 | Build | Farm |
| 42:32 | Create | Villager (Male) |
| 43:40 | Create | War Wagon |
| 43:50 | Build | Farm |
| 43:53 | Create | Villager (Male) |
| 46:14 | Build | House |
| 46:16 | Build | House |
| 47:07 | Build | House |
| 47:08 | Build | House |
| 47:21 | Create | Villager (Male) |
| 47:21 | Create | Villager (Male) |
| 47:55 | Build | Farm |
| 48:26 | Build | Siege Workshop |
| 48:31 | Build | Siege Workshop |
| 48:39 | Build | Lumber Camp |
| 49:06 | Build | Farm |
| 49:31 | Create | Iron Pagoda |
| 49:41 | Create | Iron Pagoda |
| 49:44 | Build | Farm |
| 52:41 | Create | Iron Pagoda |
| 52:41 | Create | Iron Pagoda |
Build order — SNES
First 150 of 381 actions detected
| 0:04 | Build | House |
| 0:07 | Build | House |
| 0:12 | Create | Villager (Male) |
| 0:12 | Create | Villager (Male) |
| 0:12 | Create | Villager (Male) |
| 0:27 | Create | Villager (Male) |
| 0:27 | Create | Villager (Male) |
| 0:32 | Build | House |
| 1:35 | Create | Villager (Male) |
| 1:35 | Create | Villager (Male) |
| 2:37 | Build | Lumber Camp |
| 2:50 | Create | Villager (Male) |
| 2:50 | Create | Villager (Male) |
| 2:51 | Create | Villager (Male) |
| 3:29 | Create | Villager (Male) |
| 3:30 | Create | Villager (Male) |
| 3:48 | Create | Villager (Male) |
| 3:48 | Create | Villager (Male) |
| 4:16 | Create | Villager (Male) |
| 4:16 | Create | Villager (Male) |
| 4:53 | Create | Villager (Male) |
| 4:54 | Create | Villager (Male) |
| 4:54 | Create | Villager (Male) |
| 5:26 | Create | Villager (Male) |
| 5:26 | Create | Villager (Male) |
| 5:53 | Create | Villager (Male) |
| 5:54 | Create | Villager (Male) |
| 6:17 | Build | Palisade Wall |
| 6:30 | Build | House |
| 6:33 | Build | House |
| 6:35 | Build | House |
| 6:41 | Build | House |
| 6:43 | Create | Villager (Male) |
| 6:44 | Create | Villager (Male) |
| 6:44 | Create | Villager (Male) |
| 6:44 | Create | Villager (Male) |
| 7:54 | Build | Palisade Wall |
| 8:04 | Create | Villager (Male) |
| 8:21 | Create | Villager (Male) |
| 8:21 | Create | Villager (Male) |
| 8:30 | Build | Mill |
| 9:31 | Create | Villager (Male) |
| 9:32 | Create | Villager (Male) |
| 9:32 | Create | Villager (Male) |
| 10:45 | Research | Feudal Age |
| 10:48 | Research | Feudal Age |
| 12:11 | Build | Farm |
| 12:16 | Build | Farm |
| 12:24 | Build | Farm |
| 12:34 | Build | Farm |
| 12:38 | Build | Farm |
| 12:42 | Create | Villager (Male) |
| 13:04 | Age | Feudal Age |
| 13:12 | Research | Wheelbarrow |
| 13:13 | Create | Villager (Male) |
| 13:14 | Create | Villager (Male) |
| 13:31 | Build | Farm |
| 13:39 | Build | Farm |
| 13:51 | Research | Horse Collar |
| 13:54 | Research | Double-Bit Axe |
| 13:59 | Build | Farm |
| 14:02 | Build | Farm |
| 14:07 | Build | Farm |
| 14:11 | Build | Farm |
| 14:14 | Build | Farm |
| 14:41 | Build | Mining Camp |
| 14:59 | Create | Villager (Male) |
| 15:21 | Research | Gold Mining |
| 15:28 | Build | Farm |
| 15:51 | Build | Barracks |
| 16:22 | Build | Farm |
| 16:24 | Create | Villager (Male) |
| 16:24 | Create | Villager (Male) |
| 16:43 | Build | House |
| 16:44 | Build | House |
| 16:45 | Build | House |
| 16:47 | Build | House |
| 17:00 | Create | Villager (Male) |
| 17:00 | Create | Villager (Male) |
| 17:00 | Create | Villager (Male) |
| 17:13 | Build | Blacksmith |
| 17:46 | Build | Stable |
| 17:52 | Create | Villager (Male) |
| 17:59 | Build | Farm |
| 18:46 | Research | Castle Age |
| 20:20 | Research | Fletching |
| 20:21 | Research | Padded Archer Armor |
| 20:38 | Create | Villager (Male) |
| 20:38 | Create | Villager (Male) |
| 20:39 | Create | Villager (Male) |
| 21:26 | Age | Castle Age |
| 21:30 | Build | Town Center |
| 21:52 | Build | Town Center |
| 21:57 | Research | Leather Archer Armor |
| 21:57 | Research | Bodkin Arrow |
| 22:16 | Build | Siege Workshop |
| 22:31 | Create | Villager (Male) |
| 22:32 | Create | Villager (Male) |
| 22:32 | Create | Villager (Male) |
| 22:32 | Create | Villager (Male) |
| 22:33 | Create | Villager (Male) |
| 22:35 | Create | Villager (Male) |
| 22:35 | Create | Villager (Male) |
| 22:35 | Create | Villager (Male) |
| 22:36 | Create | Villager (Male) |
| 22:55 | Create | Villager (Male) |
| 22:55 | Create | Villager (Male) |
| 22:55 | Create | Villager (Male) |
| 22:55 | Create | Villager (Male) |
| 22:56 | Create | Villager (Male) |
| 22:56 | Create | Villager (Male) |
| 22:56 | Create | Villager (Male) |
| 23:04 | Create | Villager (Male) |
| 23:05 | Create | Villager (Male) |
| 23:07 | Create | Villager (Male) |
| 23:07 | Create | Villager (Male) |
| 23:13 | Build | House |
| 23:17 | Build | House |
| 23:19 | Build | House |
| 23:21 | Build | House |
| 23:33 | Build | Farm |
| 23:37 | Build | Farm |
| 23:39 | Build | Farm |
| 23:42 | Build | Farm |
| 23:53 | Create | Scorpion |
| 23:53 | Create | Scorpion |
| 23:53 | Create | Scorpion |
| 24:01 | Build | Farm |
| 24:14 | Create | Villager (Male) |
| 24:15 | Create | Villager (Male) |
| 24:17 | Create | Villager (Male) |
| 24:17 | Create | Villager (Male) |
| 24:17 | Create | Villager (Male) |
| 24:21 | Create | Villager (Male) |
| 24:21 | Create | Villager (Male) |
| 24:35 | Build | Siege Workshop |
| 24:53 | Build | House |
| 24:55 | Build | House |
| 24:56 | Build | House |
| 24:58 | Build | House |
| 25:12 | Create | Villager (Male) |
| 25:13 | Create | Villager (Male) |
| 25:13 | Create | Villager (Male) |
| 25:15 | Create | Villager (Male) |
| 25:15 | Create | Villager (Male) |
| 25:16 | Create | Villager (Male) |
| 25:16 | Create | Villager (Male) |
| 25:21 | Create | Villager (Male) |
| 25:21 | Create | Villager (Male) |
| 25:27 | Create | Scorpion |
Build order — Oni.Huevotes
First 150 of 301 actions detected
| 0:03 | Create | Villager (Male) |
| 0:03 | Create | Villager (Male) |
| 0:04 | Create | Villager (Male) |
| 0:04 | Create | Villager (Male) |
| 0:19 | Build | Palisade Wall |
| 0:34 | Build | House |
| 0:39 | Build | House |
| 3:14 | Build | House |
| 3:22 | Create | Villager (Male) |
| 3:23 | Create | Villager (Male) |
| 3:58 | Build | Lumber Camp |
| 4:07 | Create | Villager (Male) |
| 5:07 | Create | Villager (Male) |
| 5:08 | Create | Villager (Male) |
| 5:08 | Create | Villager (Male) |
| 5:48 | Create | Villager (Male) |
| 5:54 | Build | House |
| 6:02 | Build | House |
| 6:07 | Build | House |
| 6:08 | Build | House |
| 6:40 | Create | Villager (Male) |
| 6:41 | Create | Villager (Male) |
| 7:54 | Create | Villager (Male) |
| 8:02 | Build | House |
| 8:35 | Create | Villager (Male) |
| 8:36 | Create | Villager (Male) |
| 9:24 | Build | Barracks |
| 9:26 | Create | Villager (Male) |
| 9:27 | Create | Villager (Male) |
| 9:32 | Create | Villager (Male) |
| 10:02 | Create | Villager (Male) |
| 10:04 | Create | Villager (Male) |
| 10:04 | Create | Villager (Male) |
| 10:04 | Create | Villager (Male) |
| 10:06 | Research | Loom |
| 10:16 | Build | Mill |
| 10:26 | Build | Mill |
| 10:43 | Build | House |
| 11:28 | Build | House |
| 11:43 | Build | House |
| 12:24 | Build | House |
| 12:27 | Build | House |
| 12:41 | Research | Feudal Age |
| 12:53 | Build | Mining Camp |
| 13:18 | Create | Villager (Male) |
| 13:18 | Create | Villager (Male) |
| 13:41 | Build | Farm |
| 13:42 | Build | Farm |
| 14:51 | Age | Feudal Age |
| 14:56 | Create | Villager (Male) |
| 15:09 | Create | Spearman |
| 15:10 | Create | Spearman |
| 15:16 | Build | Watch Tower |
| 15:42 | Build | Farm |
| 15:44 | Create | Villager (Male) |
| 15:45 | Create | Villager (Male) |
| 16:19 | Build | Farm |
| 16:24 | Build | Farm |
| 16:29 | Build | Farm |
| 16:39 | Create | Villager (Male) |
| 17:18 | Build | Mining Camp |
| 17:36 | Create | Villager (Male) |
| 17:36 | Create | Villager (Male) |
| 18:22 | Create | Villager (Male) |
| 19:08 | Build | Market |
| 19:16 | Research | Castle Age |
| 20:09 | Build | Blacksmith |
| 20:29 | Create | Villager (Male) |
| 20:29 | Create | Villager (Male) |
| 20:35 | Research | Double-Bit Axe |
| 20:38 | Research | Horse Collar |
| 20:55 | Build | Farm |
| 20:56 | Build | Farm |
| 21:17 | Create | Spearman |
| 21:18 | Create | Spearman |
| 21:22 | Create | Spearman |
| 21:22 | Create | Spearman |
| 21:56 | Age | Castle Age |
| 22:04 | Build | Siege Workshop |
| 22:15 | Create | Villager (Male) |
| 22:19 | Build | Farm |
| 22:32 | Create | Villager (Male) |
| 23:04 | Build | Stone Wall |
| 23:08 | Create | Spearman |
| 23:08 | Create | Spearman |
| 23:09 | Create | Spearman |
| 23:47 | Build | House |
| 23:48 | Build | House |
| 23:53 | Build | House |
| 24:07 | Build | House |
| 24:13 | Build | House |
| 26:15 | Build | Stone Wall |
| 26:54 | Build | Town Center |
| 28:07 | Build | Town Center |
| 28:25 | Research | Heavy Plow |
| 28:58 | Build | Gate |
| 29:20 | Create | Villager (Male) |
| 29:21 | Create | Villager (Male) |
| 29:21 | Create | Villager (Male) |
| 29:23 | Create | Villager (Male) |
| 29:28 | Research | Wheelbarrow |
| 29:56 | Research | Bow Saw |
| 30:05 | Create | Villager (Male) |
| 30:12 | Build | Farm |
| 30:13 | Build | Farm |
| 30:13 | Build | Farm |
| 30:14 | Build | Farm |
| 30:43 | Build | Farm |
| 30:43 | Build | Farm |
| 30:44 | Build | Farm |
| 30:45 | Build | Farm |
| 30:45 | Build | Farm |
| 31:01 | Build | House |
| 31:02 | Build | House |
| 31:04 | Build | House |
| 31:07 | Build | House |
| 31:10 | Build | House |
| 31:13 | Build | House |
| 31:16 | Build | House |
| 31:18 | Build | House |
| 31:20 | Build | House |
| 31:22 | Build | House |
| 31:23 | Build | House |
| 31:26 | Create | Villager (Male) |
| 31:26 | Create | Villager (Male) |
| 31:57 | Create | Villager (Male) |
| 32:14 | Create | Villager (Male) |
| 32:31 | Build | Farm |
| 32:32 | Build | Farm |
| 32:32 | Build | Farm |
| 32:32 | Build | Farm |
| 32:33 | Build | Farm |
| 32:35 | Build | Farm |
| 32:38 | Create | Villager (Male) |
| 33:35 | Build | Castle |
| 33:42 | Create | Villager (Male) |
| 33:42 | Create | Villager (Male) |
| 33:43 | Create | Villager (Male) |
| 33:43 | Create | Villager (Male) |
| 33:47 | Research | Town Watch |
| 33:49 | Create | Villager (Male) |
| 33:55 | Build | Farm |
| 33:55 | Build | Farm |
| 33:55 | Build | Farm |
| 33:56 | Build | Farm |
| 33:57 | Build | Farm |
| 33:57 | Build | Farm |
| 34:02 | Build | Farm |
| 34:03 | Build | Farm |
| 34:12 | Build | Farm |
Build order — leocancer8767
First 150 of 255 actions detected
| 0:01 | Create | Villager (Male) |
| 0:01 | Create | Villager (Male) |
| 0:02 | Create | Villager (Male) |
| 0:04 | Build | House |
| 0:06 | Build | House |
| 0:47 | Create | Villager (Male) |
| 1:45 | Create | Villager (Male) |
| 2:01 | Create | Villager (Male) |
| 2:22 | Create | Villager (Male) |
| 2:58 | Create | Villager (Male) |
| 3:24 | Create | Villager (Male) |
| 3:28 | Build | Lumber Camp |
| 3:46 | Create | Villager (Male) |
| 3:56 | Build | House |
| 4:13 | Create | Villager (Male) |
| 4:42 | Create | Villager (Male) |
| 5:13 | Create | Villager (Male) |
| 5:14 | Create | Villager (Male) |
| 5:52 | Build | Mill |
| 5:55 | Create | Villager (Male) |
| 6:05 | Create | Villager (Male) |
| 6:33 | Create | Villager (Male) |
| 6:38 | Build | House |
| 6:54 | Research | Loom |
| 7:28 | Research | Feudal Age |
| 8:13 | Create | Villager (Male) |
| 8:59 | Create | Villager (Male) |
| 9:38 | Age | Feudal Age |
| 9:42 | Research | Double-Bit Axe |
| 9:42 | Research | Horse Collar |
| 10:02 | Build | House |
| 10:07 | Research | Heavy Plow |
| 10:08 | Research | Bow Saw |
| 10:13 | Build | Farm |
| 10:36 | Build | Farm |
| 10:38 | Create | Villager (Male) |
| 10:58 | Create | Villager (Male) |
| 11:07 | Build | Farm |
| 11:31 | Create | Villager (Male) |
| 11:36 | Build | Farm |
| 11:54 | Create | Villager (Male) |
| 12:03 | Build | Farm |
| 12:19 | Create | Villager (Male) |
| 12:24 | Build | Farm |
| 12:36 | Create | Villager (Male) |
| 12:52 | Build | Mining Camp |
| 13:00 | Create | Villager (Male) |
| 13:09 | Build | Blacksmith |
| 13:14 | Build | Market |
| 13:19 | Create | Villager (Male) |
| 13:34 | Build | Farm |
| 13:35 | Build | Farm |
| 13:37 | Build | Farm |
| 13:40 | Build | Farm |
| 13:41 | Build | Farm |
| 13:48 | Build | Farm |
| 14:00 | Research | Wheelbarrow |
| 14:18 | Build | Farm |
| 14:22 | Build | Farm |
| 14:37 | Build | Farm |
| 15:07 | Build | House |
| 15:08 | Build | House |
| 15:50 | Research | Castle Age |
| 16:03 | Build | House |
| 16:10 | Build | Barracks |
| 16:25 | Research | Gold Mining |
| 16:33 | Create | Villager (Male) |
| 17:04 | Build | Stable |
| 17:38 | Build | Farm |
| 17:40 | Build | Farm |
| 17:49 | Create | Villager (Male) |
| 17:55 | Research | Forging |
| 18:01 | Build | Stable |
| 18:25 | Build | Farm |
| 18:30 | Age | Castle Age |
| 18:36 | Research | Husbandry |
| 18:39 | Research | Scale Barding Armor |
| 18:54 | Build | House |
| 19:02 | Research | Cavalier (upgrade) |
| 19:06 | Create | Knight |
| 19:07 | Create | Knight |
| 19:12 | Create | Villager (Male) |
| 19:17 | Build | House |
| 19:22 | Create | Knight |
| 19:24 | Create | Knight |
| 19:35 | Create | Villager (Male) |
| 19:51 | Create | Knight |
| 20:00 | Build | House |
| 20:12 | Create | Knight |
| 20:22 | Build | House |
| 20:32 | Create | Knight |
| 20:50 | Create | Knight |
| 20:54 | Build | House |
| 20:58 | Create | Villager (Male) |
| 20:58 | Create | Villager (Male) |
| 21:07 | Create | Knight |
| 21:15 | Create | Knight |
| 21:26 | Create | Knight |
| 21:28 | Create | Knight |
| 21:38 | Create | Villager (Male) |
| 21:48 | Create | Villager (Male) |
| 21:51 | Build | Farm |
| 21:58 | Create | Knight |
| 22:02 | Build | Farm |
| 22:13 | Create | Knight |
| 22:20 | Create | Knight |
| 22:27 | Create | Knight |
| 22:47 | Create | Knight |
| 22:47 | Create | Knight |
| 22:57 | Research | Chain Barding Armor |
| 23:45 | Create | Knight |
| 23:45 | Create | Knight |
| 24:27 | Create | Knight |
| 24:28 | Create | Knight |
| 25:02 | Create | Villager (Male) |
| 25:03 | Create | Villager (Male) |
| 26:05 | Create | Knight |
| 26:05 | Create | Knight |
| 26:13 | Create | Villager (Male) |
| 26:13 | Create | Villager (Male) |
| 27:00 | Create | Villager (Male) |
| 27:18 | Research | Gold Shaft Mining |
| 27:34 | Research | Iron Casting |
| 27:39 | Build | Lumber Camp |
| 27:48 | Build | Farm |
| 27:50 | Build | Farm |
| 27:59 | Build | University |
| 28:34 | Build | Monastery |
| 28:57 | Build | Siege Workshop |
| 29:10 | Create | Monk |
| 29:10 | Create | Monk |
| 29:37 | Research | Imperial Age |
| 29:50 | Build | Mining Camp |
| 29:53 | Create | Villager (Male) |
| 29:54 | Create | Villager (Male) |
| 30:52 | Research | Fervor |
| 30:59 | Build | House |
| 30:59 | Build | House |
| 30:59 | Build | House |
| 31:00 | Build | House |
| 31:00 | Build | House |
| 31:02 | Build | House |
| 31:03 | Build | House |
| 31:03 | Build | House |
| 31:57 | Create | Villager (Male) |
| 32:15 | Build | Town Center |
| 32:17 | Build | Town Center |
| 32:19 | Build | Town Center |
| 32:32 | Build | Town Center |
| 32:41 | Research | Treadmill Crane |
Build order — Oni.JasperJordan
First 150 of 287 actions detected
| 0:05 | Create | Villager (Male) |
| 0:06 | Create | Villager (Male) |
| 0:06 | Create | Villager (Male) |
| 0:06 | Create | Villager (Male) |
| 0:06 | Create | Villager (Male) |
| 0:08 | Build | House |
| 0:10 | Build | House |
| 0:33 | Build | House |
| 0:38 | Build | House |
| 0:52 | Research | Loom |
| 0:55 | Create | Villager (Male) |
| 0:56 | Create | Villager (Male) |
| 2:20 | Create | Villager (Male) |
| 3:03 | Create | Villager (Male) |
| 3:40 | Build | Palisade Gate |
| 3:53 | Build | Palisade Gate |
| 3:58 | Build | House |
| 4:02 | Build | House |
| 4:10 | Create | Villager (Male) |
| 4:10 | Create | Villager (Male) |
| 4:11 | Create | Villager (Male) |
| 4:27 | Create | Villager (Male) |
| 4:27 | Create | Villager (Male) |
| 5:05 | Build | Palisade Wall |
| 5:10 | Build | Palisade Wall |
| 5:17 | Build | Palisade Wall |
| 5:35 | Create | Villager (Male) |
| 5:36 | Create | Villager (Male) |
| 5:36 | Create | Villager (Male) |
| 5:54 | Build | Palisade Gate |
| 6:07 | Create | Villager (Male) |
| 6:07 | Create | Villager (Male) |
| 6:18 | Create | Villager (Male) |
| 6:19 | Create | Villager (Male) |
| 6:47 | Create | Villager (Male) |
| 7:54 | Build | Palisade Gate |
| 8:03 | Build | Palisade Wall |
| 8:10 | Build | Palisade Wall |
| 8:13 | Build | Palisade Gate |
| 8:54 | Build | Palisade Gate |
| 9:11 | Build | Mill |
| 9:33 | Create | Villager (Male) |
| 9:34 | Create | Villager (Male) |
| 9:34 | Create | Villager (Male) |
| 9:34 | Create | Villager (Male) |
| 9:34 | Create | Villager (Male) |
| 9:34 | Create | Villager (Male) |
| 9:35 | Create | Villager (Male) |
| 9:40 | Create | Villager (Male) |
| 9:41 | Create | Villager (Male) |
| 11:08 | Build | Lumber Camp |
| 11:50 | Build | Mining Camp |
| 12:20 | Create | Villager (Male) |
| 12:46 | Build | Mill |
| 13:11 | Build | Mill |
| 13:31 | Research | Feudal Age |
| 15:41 | Age | Feudal Age |
| 16:12 | Create | Villager (Male) |
| 16:12 | Create | Villager (Male) |
| 16:13 | Create | Villager (Male) |
| 16:13 | Create | Villager (Male) |
| 16:46 | Build | Stone Wall |
| 16:52 | Build | Lumber Camp |
| 18:12 | Build | Market |
| 18:18 | Build | Blacksmith |
| 18:21 | Build | Farm |
| 18:21 | Build | Farm |
| 18:21 | Build | Farm |
| 18:22 | Build | Farm |
| 18:30 | Build | Farm |
| 18:30 | Build | Farm |
| 18:30 | Build | Farm |
| 18:31 | Build | Farm |
| 19:28 | Research | Castle Age |
| 19:39 | Research | Double-Bit Axe |
| 19:42 | Research | Horse Collar |
| 19:46 | Research | Gold Mining |
| 20:49 | Build | Lumber Camp |
| 21:00 | Create | Villager (Male) |
| 21:00 | Create | Villager (Male) |
| 21:02 | Create | Villager (Male) |
| 21:42 | Research | Wheelbarrow |
| 21:43 | Create | Villager (Male) |
| 21:43 | Create | Villager (Male) |
| 22:08 | Age | Castle Age |
| 22:10 | Build | Siege Workshop |
| 22:22 | Build | Town Center |
| 22:38 | Build | Farm |
| 22:39 | Build | Farm |
| 22:39 | Build | Farm |
| 22:48 | Research | Bow Saw |
| 22:50 | Research | Heavy Plow |
| 23:16 | Create | Mangonel |
| 23:25 | Create | Villager (Male) |
| 23:52 | Create | Villager (Male) |
| 23:52 | Create | Villager (Male) |
| 24:32 | Build | Town Center |
| 25:09 | Create | Mangonel |
| 25:30 | Create | Villager (Male) ×5 |
| 26:29 | Build | Farm |
| 26:29 | Build | Farm |
| 26:29 | Build | Farm |
| 26:35 | Create | Villager (Male) ×5 |
| 26:35 | Create | Villager (Male) ×2 |
| 26:57 | Build | House |
| 26:58 | Build | House |
| 27:00 | Build | House |
| 27:01 | Build | House |
| 27:37 | Build | University |
| 27:39 | Build | Farm |
| 27:39 | Build | Farm |
| 27:51 | Build | House |
| 27:53 | Build | House |
| 27:54 | Build | House |
| 28:07 | Research | Stone Mining |
| 28:13 | Create | Mangonel |
| 28:22 | Build | House |
| 28:23 | Build | House |
| 28:44 | Build | Farm |
| 28:44 | Build | Farm |
| 28:47 | Create | Villager (Male) ×5 |
| 28:58 | Research | Hand Cart |
| 28:59 | Research | Town Watch |
| 29:06 | Build | Farm |
| 29:32 | Build | Farm |
| 29:32 | Build | Farm |
| 29:33 | Build | Farm |
| 29:46 | Create | Villager (Male) ×5 |
| 29:50 | Build | Farm |
| 29:50 | Build | Farm |
| 29:58 | Create | Villager (Male) ×3 |
| 30:18 | Build | Gate |
| 30:56 | Build | Town Center |
| 30:58 | Build | Farm |
| 30:59 | Build | Farm |
| 30:59 | Build | Farm |
| 31:00 | Build | Farm |
| 31:08 | Build | Farm |
| 31:14 | Build | Farm |
| 31:14 | Build | Farm |
| 31:22 | Create | Villager (Male) ×5 |
| 31:23 | Create | Villager (Male) ×5 |
| 31:23 | Create | Villager (Male) ×4 |
| 31:26 | Build | House |
| 31:29 | Build | House |
| 31:32 | Build | House |
| 31:33 | Build | House |
| 31:54 | Build | Farm |
| 32:35 | Build | Farm |
| 32:35 | Build | Farm |
Build order — Perez Huaman
First 150 of 403 actions detected
| 0:21 | Create | Villager (Male) |
| 0:22 | Create | Villager (Male) |
| 0:57 | Create | Villager (Male) |
| 1:51 | Create | Villager (Male) |
| 1:52 | Create | Villager (Male) |
| 2:30 | Create | Villager (Male) |
| 2:30 | Create | Villager (Male) |
| 2:58 | Create | Villager (Male) |
| 3:17 | Build | Mill |
| 3:45 | Create | Villager (Male) |
| 3:46 | Create | Villager (Male) |
| 4:21 | Create | Villager (Male) |
| 4:21 | Create | Villager (Male) |
| 5:00 | Create | Villager (Male) |
| 5:00 | Create | Villager (Male) |
| 5:19 | Build | Lumber Camp |
| 5:33 | Create | Villager (Male) |
| 5:33 | Create | Villager (Male) |
| 6:04 | Create | Villager (Male) |
| 6:04 | Create | Villager (Male) |
| 6:05 | Create | Villager (Male) |
| 6:47 | Create | Villager (Male) |
| 7:04 | Create | Villager (Male) |
| 7:41 | Create | Villager (Male) |
| 7:41 | Create | Villager (Male) |
| 8:06 | Create | Villager (Male) |
| 8:23 | Create | Villager (Male) |
| 8:23 | Create | Villager (Male) |
| 8:59 | Build | Farm |
| 9:08 | Build | Farm |
| 9:19 | Build | Farm |
| 9:29 | Build | Farm |
| 9:35 | Create | Villager (Male) |
| 10:37 | Create | Villager (Male) |
| 10:37 | Create | Villager (Male) |
| 11:01 | Create | Villager (Male) |
| 11:11 | Build | Farm |
| 11:32 | Build | Farm |
| 11:38 | Build | Farm |
| 12:08 | Create | Villager (Male) |
| 12:08 | Create | Villager (Male) |
| 12:09 | Create | Villager (Male) |
| 12:12 | Research | Feudal Age |
| 12:13 | Create | Villager (Male) |
| 12:14 | Create | Villager (Male) |
| 12:14 | Create | Villager (Male) |
| 12:14 | Create | Villager (Male) |
| 12:14 | Create | Villager (Male) |
| 12:20 | Build | Farm |
| 12:25 | Build | Farm |
| 12:33 | Build | Farm |
| 12:39 | Build | Farm |
| 12:47 | Build | Farm |
| 12:52 | Build | Farm |
| 13:02 | Build | Farm |
| 13:07 | Build | Farm |
| 13:13 | Build | Farm |
| 13:31 | Build | Farm |
| 13:50 | Build | Mining Camp |
| 13:53 | Create | Villager (Male) |
| 14:22 | Age | Feudal Age |
| 14:32 | Research | Wheelbarrow |
| 14:44 | Research | Horse Collar |
| 14:47 | Research | Double-Bit Axe |
| 14:49 | Research | Gold Mining |
| 15:15 | Create | Villager (Male) |
| 15:16 | Create | Villager (Male) |
| 16:10 | Create | Villager (Male) |
| 16:39 | Build | Mill |
| 16:47 | Create | Villager (Male) |
| 17:32 | Build | Farm |
| 17:38 | Create | Villager (Male) |
| 18:02 | Create | Villager (Male) |
| 18:33 | Create | Villager (Male) |
| 18:33 | Create | Villager (Male) |
| 18:54 | Create | Villager (Male) |
| 19:11 | Create | Villager (Male) |
| 19:35 | Build | Barracks |
| 19:45 | Build | Blacksmith |
| 19:54 | Build | Market |
| 20:06 | Create | Villager (Male) |
| 20:20 | Build | Farm |
| 21:04 | Create | Villager (Male) |
| 21:04 | Create | Villager (Male) |
| 21:05 | Create | Villager (Male) |
| 21:10 | Research | Scale Mail Armor |
| 21:11 | Research | Forging |
| 21:30 | Create | Villager (Male) |
| 21:51 | Build | Barracks |
| 21:55 | Build | Barracks |
| 22:04 | Research | Castle Age |
| 23:05 | Create | Villager (Male) |
| 23:06 | Create | Villager (Male) |
| 23:06 | Create | Villager (Male) |
| 23:06 | Create | Villager (Male) |
| 23:18 | Build | Barracks |
| 23:25 | Build | Barracks |
| 23:30 | Build | Barracks |
| 24:04 | Create | Trade Cart |
| 24:04 | Create | Trade Cart |
| 24:05 | Create | Trade Cart |
| 24:59 | Age | Castle Age |
| 25:12 | Research | Hand Cart |
| 25:20 | Research | Heavy Plow |
| 25:50 | Research | Pikeman (upgrade) |
| 25:51 | Research | Squires |
| 26:02 | Build | Farm |
| 26:07 | Build | Farm |
| 27:14 | Create | Spearman |
| 27:14 | Create | Spearman |
| 27:15 | Create | Spearman |
| 27:15 | Create | Spearman |
| 27:15 | Create | Spearman |
| 27:16 | Create | Spearman |
| 27:16 | Create | Spearman |
| 27:16 | Create | Spearman |
| 27:17 | Create | Spearman |
| 27:17 | Create | Spearman |
| 27:17 | Create | Spearman |
| 27:18 | Create | Spearman |
| 27:18 | Create | Spearman |
| 27:18 | Create | Spearman |
| 27:19 | Create | Spearman |
| 27:19 | Create | Spearman |
| 27:19 | Create | Spearman |
| 27:20 | Create | Spearman |
| 27:42 | Create | Trade Cart |
| 27:42 | Create | Trade Cart |
| 28:36 | Create | Villager (Male) |
| 28:36 | Create | Villager (Male) |
| 28:36 | Create | Villager (Male) |
| 28:36 | Create | Villager (Male) |
| 28:37 | Create | Villager (Male) |
| 28:37 | Create | Villager (Male) |
| 28:37 | Create | Villager (Male) |
| 28:37 | Create | Villager (Male) |
| 29:49 | Create | Spearman |
| 29:58 | Research | Arson |
| 30:37 | Research | Chain Mail Armor |
| 30:38 | Research | Iron Casting |
| 30:53 | Build | Barracks |
| 30:59 | Build | Barracks |
| 31:03 | Build | Barracks |
| 31:07 | Build | Barracks |
| 31:20 | Build | Farm |
| 31:25 | Create | Villager (Male) |
| 31:36 | Build | Lumber Camp |
| 32:02 | Build | Farm |
| 32:19 | Create | Trade Cart |
| 32:19 | Create | Trade Cart |
Build order — Oni.Lauty
First 150 of 521 actions detected
| 0:02 | Create | Villager (Male) |
| 0:02 | Create | Villager (Male) |
| 0:02 | Create | Villager (Male) |
| 0:03 | Create | Villager (Male) |
| 0:04 | Build | House |
| 0:04 | Build | House |
| 1:37 | Create | Villager (Male) |
| 1:37 | Create | Villager (Male) |
| 2:02 | Create | Villager (Male) |
| 2:02 | Create | Villager (Male) |
| 2:17 | Create | Villager (Male) |
| 2:17 | Create | Villager (Male) |
| 2:35 | Build | Lumber Camp |
| 2:48 | Create | Villager (Male) |
| 2:48 | Create | Villager (Male) |
| 3:16 | Create | Villager (Male) |
| 3:17 | Create | Villager (Male) |
| 3:46 | Create | Villager (Male) |
| 3:46 | Create | Villager (Male) |
| 3:50 | Build | House |
| 4:22 | Build | Mill |
| 4:26 | Build | Mill |
| 4:33 | Create | Villager (Male) |
| 4:33 | Create | Villager (Male) |
| 4:33 | Create | Villager (Male) |
| 4:33 | Create | Villager (Male) |
| 4:49 | Create | Villager (Male) |
| 4:49 | Create | Villager (Male) |
| 5:22 | Create | Villager (Male) |
| 5:22 | Create | Villager (Male) |
| 5:31 | Build | House |
| 6:13 | Build | House |
| 7:13 | Create | Villager (Male) |
| 7:14 | Create | Villager (Male) |
| 7:14 | Create | Villager (Male) |
| 7:42 | Create | Villager (Male) |
| 7:42 | Create | Villager (Male) |
| 8:24 | Research | Loom |
| 8:41 | Create | Villager (Male) |
| 8:41 | Create | Villager (Male) |
| 8:41 | Create | Villager (Male) |
| 8:41 | Create | Villager (Male) |
| 9:39 | Research | Feudal Age |
| 10:08 | Build | Mining Camp |
| 10:13 | Create | Villager (Male) |
| 12:06 | Age | Feudal Age |
| 12:14 | Research | Double-Bit Axe |
| 12:17 | Build | Market |
| 12:20 | Build | Blacksmith |
| 12:45 | Create | Villager (Male) |
| 12:46 | Create | Villager (Male) |
| 12:53 | Build | Farm |
| 12:54 | Build | Farm |
| 12:58 | Build | Farm |
| 13:13 | Research | Castle Age |
| 13:13 | Research | Castle Age |
| 14:34 | Create | Villager (Male) |
| 14:35 | Create | Villager (Male) |
| 14:38 | Build | House |
| 14:42 | Research | Horse Collar |
| 15:53 | Age | Castle Age |
| 15:58 | Build | Siege Workshop |
| 15:59 | Create | Villager (Male) |
| 16:03 | Build | Town Center |
| 16:06 | Research | Bow Saw |
| 16:13 | Create | Villager (Male) |
| 16:47 | Build | House |
| 17:02 | Create | Villager (Male) |
| 17:02 | Create | Villager (Male) |
| 17:02 | Create | Villager (Male) |
| 17:11 | Build | House |
| 17:18 | Build | Farm |
| 17:23 | Build | Town Center |
| 17:37 | Create | Villager (Male) |
| 17:37 | Create | Villager (Male) |
| 17:54 | Build | House |
| 18:04 | Create | Villager (Male) |
| 18:05 | Create | Villager (Male) |
| 18:05 | Create | Villager (Male) |
| 18:09 | Build | Farm |
| 18:10 | Create | Villager (Male) |
| 18:22 | Build | Farm |
| 18:24 | Build | Farm |
| 18:28 | Build | Farm |
| 18:30 | Research | Town Watch |
| 18:33 | Create | Villager (Male) |
| 18:36 | Build | Farm |
| 18:38 | Build | Farm |
| 18:40 | Build | Farm |
| 18:41 | Create | Villager (Male) |
| 18:45 | Build | Farm |
| 18:47 | Build | Farm |
| 18:54 | Build | Farm |
| 18:56 | Build | House |
| 19:05 | Build | Farm |
| 19:06 | Create | Villager (Male) |
| 19:07 | Create | Villager (Male) |
| 19:07 | Create | Villager (Male) |
| 19:08 | Create | Villager (Male) |
| 19:09 | Create | Villager (Male) |
| 19:15 | Create | Villager (Male) |
| 19:15 | Create | Villager (Male) |
| 19:15 | Create | Villager (Male) |
| 19:16 | Create | Villager (Male) |
| 19:21 | Build | Farm |
| 19:28 | Build | House |
| 19:46 | Build | Farm |
| 19:47 | Create | Villager (Male) |
| 19:47 | Create | Villager (Male) |
| 19:47 | Create | Villager (Male) |
| 19:50 | Build | Farm |
| 19:53 | Build | Farm |
| 19:55 | Build | Farm |
| 19:55 | Create | Villager (Male) |
| 20:03 | Build | House |
| 20:08 | Create | Mangonel |
| 20:18 | Build | Farm |
| 20:19 | Create | Villager (Male) |
| 20:20 | Create | Villager (Male) |
| 20:20 | Create | Villager (Male) |
| 20:33 | Build | House |
| 20:35 | Create | Villager (Male) |
| 20:35 | Create | Villager (Male) |
| 20:39 | Build | Farm |
| 20:40 | Create | Villager (Male) |
| 20:45 | Create | Villager (Male) |
| 20:47 | Build | Farm |
| 20:49 | Build | Farm |
| 20:51 | Build | Farm |
| 20:57 | Build | Farm |
| 20:58 | Create | Villager (Male) |
| 21:06 | Create | Villager (Male) |
| 21:07 | Create | Villager (Male) |
| 21:07 | Create | Villager (Male) |
| 21:07 | Create | Villager (Male) |
| 21:10 | Build | Farm |
| 21:11 | Create | Villager (Male) |
| 21:25 | Build | Monastery |
| 21:25 | Create | Villager (Male) |
| 21:26 | Create | Villager (Male) |
| 21:33 | Build | Farm |
| 21:34 | Create | Villager (Male) |
| 21:41 | Build | Farm |
| 21:43 | Create | Villager (Male) |
| 21:44 | Create | Villager (Male) |
| 21:49 | Create | Villager (Male) |
| 21:49 | Create | Villager (Male) |
| 21:55 | Build | House |
| 21:57 | Build | House |
| 22:00 | Create | Villager (Male) |
Build order — anjoff
First 150 of 399 actions detected
| 0:02 | Research | Loom |
| 0:03 | Create | Villager (Male) |
| 0:03 | Create | Villager (Male) |
| 0:03 | Create | Villager (Male) |
| 0:03 | Create | Villager (Male) |
| 0:03 | Create | Villager (Male) |
| 0:07 | Build | House |
| 0:08 | Build | House |
| 0:26 | Build | Palisade Wall |
| 1:35 | Build | Palisade Wall |
| 1:58 | Create | Villager (Male) |
| 1:58 | Create | Villager (Male) |
| 2:32 | Create | Villager (Male) |
| 2:32 | Create | Villager (Male) |
| 2:32 | Create | Villager (Male) |
| 3:00 | Build | Lumber Camp |
| 3:12 | Create | Villager (Male) |
| 3:12 | Create | Villager (Male) |
| 3:28 | Create | Villager (Male) |
| 3:28 | Create | Villager (Male) |
| 3:47 | Create | Villager (Male) |
| 3:47 | Create | Villager (Male) |
| 4:16 | Create | Villager (Male) |
| 4:16 | Create | Villager (Male) |
| 4:16 | Create | Villager (Male) |
| 4:31 | Build | House |
| 4:51 | Create | Villager (Male) |
| 4:52 | Create | Villager (Male) |
| 5:16 | Create | Villager (Male) |
| 5:16 | Create | Villager (Male) |
| 5:24 | Build | Mill |
| 5:31 | Create | Villager (Male) |
| 5:32 | Create | Villager (Male) |
| 5:32 | Create | Villager (Male) |
| 5:49 | Create | Villager (Male) |
| 5:50 | Create | Villager (Male) |
| 6:51 | Create | Villager (Male) |
| 6:51 | Create | Villager (Male) |
| 6:51 | Create | Villager (Male) |
| 6:52 | Create | Villager (Male) |
| 6:52 | Create | Villager (Male) |
| 7:15 | Create | Villager (Male) |
| 7:15 | Create | Villager (Male) |
| 7:45 | Build | House |
| 8:07 | Create | Villager (Male) |
| 8:07 | Create | Villager (Male) |
| 8:07 | Create | Villager (Male) |
| 8:22 | Build | Lumber Camp |
| 8:34 | Create | Villager (Male) |
| 8:34 | Create | Villager (Male) |
| 8:35 | Create | Villager (Male) |
| 10:02 | Create | Villager (Male) |
| 10:14 | Create | Villager (Male) |
| 10:29 | Build | House |
| 11:09 | Create | Villager (Male) |
| 11:09 | Create | Villager (Male) |
| 11:10 | Create | Villager (Male) |
| 11:15 | Research | Feudal Age |
| 11:34 | Build | Mining Camp |
| 12:38 | Build | House |
| 12:52 | Build | Farm |
| 12:54 | Build | Farm |
| 12:57 | Build | Farm |
| 13:03 | Build | Farm |
| 13:15 | Build | Farm |
| 13:17 | Build | Farm |
| 13:26 | Create | Villager (Male) |
| 13:27 | Create | Villager (Male) |
| 14:46 | Build | Barracks |
| 14:57 | Create | Villager (Male) |
| 15:12 | Age | Feudal Age |
| 15:15 | Build | Market |
| 15:21 | Build | Blacksmith |
| 15:23 | Research | Double-Bit Axe |
| 15:29 | Research | Gold Mining |
| 16:18 | Research | Castle Age |
| 16:18 | Research | Castle Age |
| 16:25 | Build | Farm |
| 16:26 | Build | Farm |
| 16:28 | Build | Farm |
| 16:47 | Build | Farm |
| 16:48 | Build | Farm |
| 16:52 | Build | Farm |
| 16:53 | Create | Villager (Male) |
| 17:17 | Create | Villager (Male) |
| 18:18 | Build | Farm |
| 18:21 | Build | Farm |
| 18:24 | Research | Horse Collar |
| 19:07 | Age | Castle Age |
| 19:09 | Build | Siege Workshop |
| 19:18 | Build | Monastery |
| 19:43 | Create | Villager (Male) |
| 19:55 | Build | House |
| 19:56 | Build | House |
| 19:59 | Build | House |
| 20:07 | Research | Wheelbarrow |
| 20:11 | Create | Villager (Male) |
| 21:30 | Research | Imperial Age |
| 22:08 | Build | Archery Range |
| 22:09 | Build | Archery Range |
| 22:32 | Research | Bow Saw |
| 22:38 | Research | Gold Shaft Mining |
| 23:02 | Research | Heavy Plow |
| 23:32 | Research | Padded Archer Armor |
| 23:47 | Create | Monk |
| 24:02 | Build | House |
| 24:04 | Build | House |
| 24:05 | Build | House |
| 24:07 | Build | House |
| 24:10 | Build | House |
| 24:11 | Build | House |
| 24:13 | Build | House |
| 24:15 | Build | House |
| 24:18 | Create | Villager (Male) |
| 24:18 | Create | Villager (Male) |
| 24:18 | Create | Villager (Male) |
| 24:39 | Age | Imperial Age |
| 24:41 | Create | Bombard Cannon |
| 24:43 | Create | Hand Cannoneer |
| 24:44 | Create | Hand Cannoneer |
| 24:47 | Create | Hand Cannoneer |
| 24:48 | Create | Hand Cannoneer |
| 25:12 | Create | Bombard Cannon |
| 25:13 | Create | Hand Cannoneer |
| 25:15 | Create | Hand Cannoneer |
| 25:16 | Create | Hand Cannoneer |
| 25:50 | Create | Hand Cannoneer |
| 25:52 | Create | Hand Cannoneer |
| 25:54 | Create | Bombard Cannon |
| 26:57 | Create | Bombard Cannon |
| 26:58 | Create | Hand Cannoneer |
| 26:59 | Create | Hand Cannoneer |
| 27:01 | Create | Hand Cannoneer |
| 28:36 | Build | Mining Camp |
| 28:37 | Create | Villager (Male) |
| 28:37 | Create | Villager (Male) |
| 29:10 | Create | Villager (Male) |
| 29:10 | Create | Villager (Male) |
| 29:29 | Build | Town Center |
| 29:48 | Create | Villager (Male) |
| 29:55 | Research | Stone Mining |
| 30:02 | Create | Villager (Male) |
| 30:02 | Create | Villager (Male) |
| 31:00 | Build | Mining Camp |
| 31:05 | Research | Forging |
| 31:06 | Research | Forging |
| 32:19 | Build | Lumber Camp |
| 32:40 | Create | Villager (Male) |
| 32:40 | Create | Villager (Male) |
| 32:40 | Create | Villager (Male) |
Match timeline
| 0:19 | Oni.Huevotes · wall_segment Palisade Wall x11 |
| 0:26 | anjoff · wall_segment Palisade Wall x9 |
| 1:35 | anjoff · wall_segment Palisade Wall x7 |
| 2:04 | Baku74 · wall_segment Palisade Wall x8 |
| 4:42 | Baku74 · wall_segment Palisade Wall x6 |
| 5:05 | Oni.JasperJordan · wall_segment Palisade Wall x3 |
| 5:10 | Oni.JasperJordan · wall_segment Palisade Wall x5 |
| 5:17 | Oni.JasperJordan · wall_segment Palisade Wall x1 |
| 6:17 | SNES · wall_segment Palisade Wall x12 |
| 7:54 | SNES · wall_segment Palisade Wall x10 |
| 8:03 | Oni.JasperJordan · wall_segment Palisade Wall x4 |
| 8:10 | Oni.JasperJordan · wall_segment Palisade Wall x3 |
| 9:24 | Oni.Huevotes · first_building Barracks |
| 9:38 | leocancer8767 · age_up feudal |
| 10:48 | Baku74 · wall_segment Palisade Wall x1 |
| 11:49 | Baku74 · age_up feudal |
| 12:06 | Oni.Lauty · age_up feudal |
| 13:04 | SNES · age_up feudal |
| 14:22 | Perez Huaman · age_up feudal |
| 14:46 | anjoff · first_building Barracks |
| 14:51 | Oni.Huevotes · age_up feudal |
| 15:12 | anjoff · age_up feudal |
| 15:41 | Oni.JasperJordan · age_up feudal |
| 15:51 | SNES · first_building Barracks |
| 15:53 | Oni.Lauty · age_up castle |
| 15:58 | Oni.Lauty · first_building Siege Workshop |
| 16:10 | leocancer8767 · first_building Barracks |
| 16:46 | Oni.JasperJordan · wall_segment Stone Wall x10 |
| 17:04 | leocancer8767 · first_building Stable |
| 17:21 | Oni.Lauty · first_market_buy 100 wood |
| 17:46 | SNES · first_building Stable |
| 18:30 | leocancer8767 · age_up castle |
| 18:36 | Baku74 · age_up castle |
| 19:07 | anjoff · age_up castle |
| 19:09 | anjoff · first_building Siege Workshop |
| 19:18 | anjoff · first_building Monastery |
| 19:35 | Perez Huaman · first_building Barracks |
| 21:14 | anjoff · first_market_buy 100 food |
| 21:14 | leocancer8767 · first_market_sell 100 stone |
| 21:25 | Oni.Lauty · first_building Monastery |
| 21:26 | SNES · age_up castle |
| 21:56 | Oni.Huevotes · age_up castle |
| 22:04 | Oni.Huevotes · first_building Siege Workshop |
| 22:08 | anjoff · first_building Archery Range |
| 22:08 | Oni.JasperJordan · age_up castle |
| 22:10 | Oni.JasperJordan · first_building Siege Workshop |
| 22:16 | SNES · first_building Siege Workshop |
| 22:47 | Baku74 · first_building Barracks |
| 23:04 | Oni.Huevotes · wall_segment Stone Wall x5 |
| 23:11 | Oni.JasperJordan · first_market_sell 100 food |
| 24:08 | Oni.Lauty · first_building Barracks |
| 24:22 | Oni.Lauty · wall_segment Palisade Wall x1 |
| 24:29 | Oni.JasperJordan · first_market_buy 100 stone |
| 24:31 | Baku74 · first_building Siege Workshop |
| 24:39 | anjoff · age_up imperial |
| 24:59 | Perez Huaman · age_up castle |
| 25:03 | Perez Huaman · tribute_sent a jugador 1 |
| 25:03 | Perez Huaman · tribute_sent a jugador 2 |
| 25:03 | Perez Huaman · tribute_sent a jugador 3 |
| 25:03 | Perez Huaman · tribute_sent a jugador 4 |
| 25:03 | Perez Huaman · tribute_sent a jugador 6 |
| 25:03 | Perez Huaman · tribute_sent a jugador 7 |
| 25:03 | Perez Huaman · tribute_sent a jugador 8 |
| 26:15 | Oni.Huevotes · wall_segment Stone Wall x7 |
| 27:30 | Oni.Huevotes · first_market_buy 100 wood |
| 28:34 | leocancer8767 · first_building Monastery |
| 28:57 | leocancer8767 · first_building Siege Workshop |
| 29:33 | Baku74 · wall_segment Palisade Wall x2 |
| 29:48 | Oni.Huevotes · first_market_sell 100 wood |
| 30:17 | Baku74 · first_building Archery Range |
| 32:18 | Oni.Lauty · age_up imperial |
| 32:31 | Oni.Lauty · first_market_sell 100 food |
| 32:47 | leocancer8767 · age_up imperial |
| 33:17 | Oni.JasperJordan · first_building Monastery |
| 33:35 | Oni.Huevotes · first_building Castle |
| 33:54 | leocancer8767 · first_building Archery Range |
| 34:02 | SNES · first_building Castle |
| 34:29 | Perez Huaman · tribute_sent a jugador 1 |
| 34:29 | Perez Huaman · tribute_sent a jugador 2 |
| 34:29 | Perez Huaman · tribute_sent a jugador 3 |
| 34:29 | Perez Huaman · tribute_sent a jugador 4 |
| 34:29 | Perez Huaman · tribute_sent a jugador 6 |
| 34:29 | Perez Huaman · tribute_sent a jugador 7 |
| 34:29 | Perez Huaman · tribute_sent a jugador 8 |
| 34:32 | Baku74 · first_building Castle |
| 34:45 | SNES · age_up imperial |
| 35:52 | Oni.JasperJordan · first_building Castle |
| 36:44 | Oni.JasperJordan · age_up imperial |
| 37:01 | Oni.JasperJordan · first_building Barracks |
| 37:12 | Oni.Lauty · first_building Castle |
| 38:01 | anjoff · first_building Stable |
| 39:17 | anjoff · first_building Castle |
| 39:40 | Oni.JasperJordan · first_building Stable |
| 40:24 | SNES · tribute_sent a jugador 2 |
| 40:24 | SNES · tribute_sent a jugador 3 |
| 40:24 | SNES · tribute_sent a jugador 4 |
| 40:24 | SNES · tribute_sent a jugador 5 |
| 40:24 | SNES · tribute_sent a jugador 6 |
| 40:24 | SNES · tribute_sent a jugador 7 |
| 40:24 | SNES · tribute_sent a jugador 8 |
| 40:31 | Perez Huaman · tribute_sent a jugador 1 |
| 40:31 | Perez Huaman · tribute_sent a jugador 2 |
| 40:31 | Perez Huaman · tribute_sent a jugador 3 |
| 40:31 | Perez Huaman · tribute_sent a jugador 4 |
| 40:31 | Perez Huaman · tribute_sent a jugador 6 |
| 40:31 | Perez Huaman · tribute_sent a jugador 7 |
| 40:31 | Perez Huaman · tribute_sent a jugador 8 |
| 42:04 | leocancer8767 · first_building Castle |
| 44:42 | Oni.Lauty · first_building Archery Range |
| 47:50 | SNES · first_building Archery Range |
| 48:21 | Perez Huaman · first_building Castle |
| 49:52 | Oni.Huevotes · age_up imperial |
| 50:31 | leocancer8767 · resign |
[ AI ANALYSIS · 1 CREDIT ]
What really happened in this match?
Wolo.gg analyzes every decision: build order, eco, micro, common mistakes by bracket. Personalized analysis on WhatsApp or Discord in 30 seconds.
Civ guide
Koreans
Perfil
Jugador #8552322